 Dungeon Crawl Stone Soup version 0.25-a0-1056-g2efb326896 (webtiles) character file.

Game seed: 14243533692098397541, levelgen mode: deterministic

79 Lavandula the Slasher (level 4, -3/26 HPs)
             Began as a Tengu Gladiator on May 13, 2020.
             Slain by Grinder (6 damage)
             ... while paralysed by Grinder
             ... on level 3 of the Dungeon.
             The game lasted 00:02:29 (1755 turns).

Lavandula the Slasher (Tengu Gladiator)             Turns: 1755, Time: 00:02:30

Health: -3/26      AC:  3    Str: 14    XL:     4   Next: 38%
Magic:  5/5        EV:  2    Int:  8    God:
Gold:   128        SH:  0    Dex: 17    Spells: 3/3 levels left

rFire    . . .     SeeInvis .   a - +0 long sword
rCold    . . .     Gourm    .   (no shield)
rNeg     . . .     Faith    .   b - +0 leather armour
rPois    .         Spirit   .   c - +0 hat
rElec    .         Reflect  .   (no cloak)
rCorr    .         Harm     .   (no gloves)
MR       .....                  (boots unavailable)
Stlth    +.........             (no amulet)
HPRegen  0.08/turn              (no ring)
MPRegen  0.09/turn              (no ring)

@: paralysed
A: beak, talons 3
a: no special abilities


You were on level 3 of the Dungeon.
You were not hungry.

You visited 1 branch of the dungeon, and saw 3 of its levels.

You collected 128 gold pieces.

Inventory:

Hand Weapons
 a - a +0 long sword (weapon)
Missiles
 d - 3 throwing nets (quivered)
 m - 23 poisoned darts
Armour
 b - a +0 leather armour (worn)
 c - a +0 hat (worn)
Scrolls
 g - 2 scrolls of teleportation {unknown}
 i - 3 scrolls of identify {unknown}
 k - a scroll of fog {unknown}
Potions
 e - a potion of berserk rage {unknown}
 h - 2 potions of curing {unknown}
 l - a potion of cancellation {unknown}
Comestibles
 f - 2 rations


   Skills:
 - Level 2.0 Fighting
 + Level 5.6 Long Blades
 - Level 2.0 Throwing
 - Level 3.2 Dodging


You had 3 spell levels left.
You didn't know any spells.
Your spell library was empty.

Dungeon Overview and Level Annotations

Branches:
Dungeon (3/15)

Altars:
Dithmenos
The Shining One

Annotations:
D:3 Grinder


Innate Abilities, Weirdness & Mutations

You have a beak for a mouth.
You have claws for feet.


Message History

Unknown command.
Okay, then.
You hit Grinder. You claw Grinder.
Grinder is moderately wounded.
Grinder hits you but does no damage.
You hit Grinder but do no damage. You claw Grinder.
Grinder is moderately wounded.
Grinder hits you!
You writhe in agony.
Your leather armour prevents you from hitting Grinder.
You claw Grinder, but do no damage. Your peck misses Grinder.
Grinder is moderately wounded.
Grinder gestures at you.
You suddenly lose the ability to move!
Grinder gestures at you.
You shrug off the repeated paralysis!
All of the chunks of flesh in your inventory have rotted away.
Grinder hits you!
You writhe in agony.
* * * LOW HITPOINT WARNING * * *
Grinder hits you.
You die...

#################
###
................##
...#
###############..#
....#
#######.##._..#
######
...............
......
...............
######
.######@######.
..... #5# #####


#rl .... .... .... ..... ..... #...... ..... #....... ..... ###.#.### ##.. You
could see Grinder, a quokka and a frilled lizard.

Vanquished Creatures
  An adder (D:2)
  2 oozes
  2 worms (D:2)
  A dart slug (D:1)
  8 bats
  2 giant cockroaches (D:1)
  5 goblins
  8 hobgoblins
  7 jackals
  5 frilled lizards
  4 kobolds
  5 rats
50 creatures vanquished.

Notes
Turn   | Place    | Note
-------+----------+-------------------------------------------
     0 | D:1      | Lavandula the Tengu Gladiator began the quest for the Orb.
     0 | D:1      | Reached XP level 1. HP: 12/12 MP: 2/2
   209 | D:1      | Reached XP level 2. HP: 17/17 MP: 3/3
   213 | D:1      | Reached skill level 4 in Long Blades
   648 | D:1      | Reached XP level 3. HP: 14/21 MP: 4/4
  1053 | D:2      | Reached skill level 5 in Long Blades
  1175 | D:2      | Reached XP level 4. HP: 26/26 MP: 5/5
  1357 | D:2      | Found a glowing golden altar of the Shining One.
  1746 | D:3      | Noticed Grinder
  1747 | D:3      | Found a shadowy altar of Dithmenos.
  1752 | D:3      | Paralysed by Grinder for 4 turns
  1755 | D:3      | Slain by Grinder

Illustrated notes

Levels and vault maps discovered:
D:1:      minmay_arrival_jagged, layout_basic, st_stairs_5,
          corexii_corridor_pit, minmay_cut_off
D:2:      cheibrodos_greedy_goblins, layout_basic, tso_altar, first_ration,
          serial_bayou_lake_a
D:3:      layout_basic, grunt_temple_overflow_opulence, grunt_dithmenos_smoke,
          nicolae_overflow_hidden_temple, lemuel_crystal_altar, uniq_grinder

Skill      XL: |  1  2  3 |
---------------+----------+-----
Long Blades    | 4 5 |  5.6
Fighting       | |  2.0
Throwing       | |  2.0
Dodging        | |  3.2

Action                   |  1- 3 |  4- 6 || total
-------------------------+-------+-------++-------
Melee: Long sword        |    58 |    21 ||    79
       Kick              |    20 |    10 ||    30
       Peck              |    13 |     2 ||    15
 Stab: Sleeping          |       |     1 ||     1
  Eat: Chunk             |     1 |     2 ||     3
Armor: Leather armour    |     5 |    17 ||    22
Dodge: Dodged            |    37 |    26 ||    63
       Rpst.: Long sword |    12 |     9 ||    21

Table legend:
 A = Non-vault XP
 B = Vault XP
 C = Vault XP percentage of total XP
 D = Non-vault monster count
 E = Vault monster count
 F = Vault count percentage of total count
                 A         B        C        D         E       F
            +---------+---------+-------+---------+---------+-------
      Total |     108 |       6 |   5.3 |      47 |       3 |   6.0
            +---------+---------+-------+---------+---------+-------
        D:1 |      37 |       6 |  14.0 |      19 |       3 |  13.6
        D:2 |      69 |       0 |   0.0 |      26 |       0 |   0.0
        D:3 |       2 |       0 |   0.0 |       2 |       0 |   0.0
            +---------+---------+-------+---------+---------+-------
